 Dungeon Crawl Stone Soup version 0.21-a0-434-g806c6c2 (webtiles) character file.

2132 mhoghedin the Frost Mage (level 9, -4/65 HPs)
             Began as a Barachi Ice Elementalist on Nov 8, 2017.
             Was an Initiate of Cheibriados.
             Slain by Sigmund
             ... wielding a +0 scythe
              (14 damage)
             ... on level 6 of the Dungeon.
             The game lasted 00:21:17 (6540 turns).

mhoghedin the Frost Mage (Barachi Ice Elementalist) Turns: 6540, Time: 00:21:17

Health: -4/65      AC:  2    Str: 10    XL:     9   Next: 30%
Magic:  2/15       EV: 15    Int: 25    God:    Cheibriados [......]
Gold:   276        SH:  0    Dex: 17    Spells: 3/17 levels left

rFire    . . .     SeeInvis .   h - +2 whip (flame)
rCold    . . .     Gourm    .   (no shield)
rNeg     . . .     Faith    .   a - +0 robe
rPois    .         Spirit   .   (no helmet)
rElec    .         Reflect  .   j - scarf {repulsion}
rCorr    .         Harm     .   (no gloves)
MR       .....                  (no boots)
Stlth    ++........             (no amulet)
HPRegen  0.20/turn              m - +3 ring of dexterity
MPRegen  0.14/turn              v - ring of flight {+Fly, !d}

@: brilliant, can't hop, repel missiles, very slow
A: +LOS, swims, slowness 1, strong legs 1
a: Hop, Bend Time, Renounce Religion, Evoke Flight


You were on level 6 of the Dungeon.
You worshipped Cheibriados.
Cheibriados was noncommittal.
You were very hungry.

You visited 1 branch of the dungeon, and saw 6 of its levels.

You collected 276 gold pieces.

Inventory:

Hand Weapons
 e - a +0 dagger
   (You found it on level 1 of the Dungeon)
 h - a +2 whip of flaming (weapon)
   (You took it off Pikel on level 4 of the Dungeon)
Missiles
 q - a throwing net {=f, !d}
Armour
 a - a +0 robe (worn)
 j - a scarf of repulsion (worn)
   (You found it on level 1 of the Dungeon)
Jewellery
 m - a +3 ring of dexterity (left hand)
   (You found it on level 2 of the Dungeon)
 v - a ring of flight (right hand) {+Fly, !d}
   (You found it on level 5 of the Dungeon)
Wands
 r - a wand of disintegration (12/24)
   (You found it on level 4 of the Dungeon)
 t - a wand of paralysis (9/24)
   (You took it off Pikel on level 4 of the Dungeon)
Scrolls
 l - a scroll of immolation {!r}
 o - a scroll of recharging
 w - a scroll of identify
Potions
 g - a potion of lignification {!q}
 k - 2 potions of haste
 p - 2 potions of curing
Books
 b - a book of Frost
Comestibles
 c - 2 bread rations {@e1}
 s - 3 fruits


   Skills:
 + Level 4.2 Fighting
 + Level 4.6 Dodging
 - Level 1.7 Stealth
 - Level 4.5 Spellcasting
 - Level 6.2 Conjurations
 - Level 4.0 Summonings
 - Level 9.4 Ice Magic


You had 3 spell levels left.
You knew the following spells:

 Your Spells              Type           Power        Failure   Level  Hunger
a - Freeze                Ice            ####         1%          1    None
b - Summon Ice Beast      Ice/Summ       ######..     1%          4    ####...
c - Throw Icicle          Conj/Ice       ######..     1%          4    ####...
x - Throw Frost           Conj/Ice       ######       1%          2    None
A - Ozocubu's Armour      Chrm/Ice       #####...     1%          3    ##.....


Dungeon Overview and Level Annotations

Branches:
Dungeon (6/15)             Temple (0/1) D:6

Altars:
Ashenzari
Cheibriados
Makhleb
Ru
Sif Muna

Annotations:
D:6 exclusion: Sigmund, Sigmund


Innate Abilities, Weirdness & Mutations

Shadows flee at your approach. (+LOS)
You can swim through water.
You cover ground slowly.
You can hop short distances.


Message History

Aim: namelastname112's ghost, wielding a weapon of electrocution (hasn't noticed you)
The shard of ice hits namelastname112's ghost.
Namelastname112's ghost turns its malevolent gaze towards you.
You hear a shout!
You now have 11/15 mp.
Aim: namelastname112's ghost, wielding a weapon of electrocution (heavily damaged)
The shard of ice misses namelastname112's ghost.
You now have 7/15 mp.
Aim: namelastname112's ghost, wielding a weapon of electrocution (heavily damaged)
The shard of ice hits namelastname112's ghost.
You now have 3/15 mp.
You don't have enough magic to cast that spell.
You feel much better. Namelastname112's ghost hits you!
You regained 7 hp, and now have 56/63 hp.
You don't have enough magic to cast that spell.
Unknown command.
Unknown command.
Aim: namelastname112's ghost, wielding a weapon of electrocution (almost destroyed, chance to defeat MR: 36%) Namelastname112's ghost easily resists.
This wand has 12 charges left.
Namelastname112's ghost waves its arms in wide circles.
The air twists around and strikes you!
You take 14 damage, and have 42/63 hp.
MASSIVE DAMAGE!!
You feel better. Namelastname112's ghost hits you!
You hit namelastname112's ghost but do no damage.
Namelastname112's ghost completely misses you.
You miss namelastname112's ghost. Namelastname112's ghost hits you.
You take 1 damage, and have 41/63 hp.
You hit namelastname112's ghost but do no damage.
Namelastname112's ghost gestures at you while chanting.
The zap hits you!
You take 2 damage, and have 39/63 hp.
You hit namelastname112's ghost.
Namelastname112's ghost casts a spell at you.
The zap hits you!
You take 11 damage, and have 28/63 hp.
You hit namelastname112's ghost. Namelastname112's ghost hits you.
You take 1 damage, and have 27/63 hp.
Aim: namelastname112's ghost, wielding a weapon of electrocution (almost destroyed)
The shard of ice hits namelastname112's ghost.
You destroy namelastname112's ghost!
Cheibriados appreciates the change of pace.
Your Fighting skill increases to level 4!
Your Dodging skill increases to level 4!
You are feeling very hungry.
The killer bee zombie closely misses you.
You now have 0/15 mp.
As you read the scroll labeled EHUMIMPUSU, it crumbles to dust.
You hear a loud clanging noise!
It was a scroll of noise.
The killer bee zombie hits you. Sigmund hits you but does no damage.
You take 2 damage, and have 26/65 hp.
As you read the scroll labeled XEMNUG BAKHLYIM, it crumbles to dust.
You feel aware of your surroundings.
You sensed 1 altar, and 1 shop/portal.
It was a scroll of magic mapping.
The killer bee zombie hits you. The killer bee zombie misses you.
Sigmund hits you from afar with a scythe!
* * * LOW HITPOINT WARNING * * *
You take 14 damage, and have 12/65 hp.
MASSIVE DAMAGE!!
As you read the scroll labeled XEZ SETINUCO, it crumbles to dust.
The creatures around you are filled with an inner flame!
It was a scroll of immolation.
The killer bee zombie barely misses you.
The killer bee zombie misses you.
You don't have enough magic at the moment.
Unknown command.
Hop to where?
Boing!
The killer bee zombie barely misses you.
Sigmund casts a spell.
Sigmund flickers and vanishes!
Deactivating autopickup; reactivate with Ctrl-A.
The killer bee zombie barely misses you.
The killer bee zombie hits you!
* * * LOW HITPOINT WARNING * * *
You take 7 damage, and have 6/65 hp.
Unknown command.
Unknown command.
Unknown command.
You feel better. The killer bee zombie hits you.
* * * LOW HITPOINT WARNING * * *
The killer bee zombie misses you. Something hits you.
* * * LOW HITPOINT WARNING * * *
You feel better. The killer bee zombie hits you.
* * * LOW HITPOINT WARNING * * *
The killer bee zombie hits you!
* * * LOW HITPOINT WARNING * * *
You regained 3 hp, and now have 9/65 hp.
You feel better.
The killer bee zombie closely misses you.
Something hits you!
* * * LOW HITPOINT WARNING * * *
You take 3 damage, and have 6/65 hp.
You feel better.
The killer bee zombie closely misses you.
The killer bee zombie hits you.
* * * LOW HITPOINT WARNING * * *
Something hits you!
You die...

#........# *,,
#.####.### **,
#.# #.# *, #.#
#.# **' #.#
#.# **,, #.#
#.#* **,,, #{#
#..** **,,,,
#Z#
*#..,****,,,,,
#@#
*,..,,,,',,,,,
#.#
**,,,****,,,,,
#.# *,,**
**,,,, #.#
*,** **,,, #.#
*,* **,, #.#
*,* **' #.#
*,** *, #.#
*,,* ***, #.#
**,* ***,,,


You could see a killer bee zombie (inner flame).

Vanquished Creatures
  Pikel (D:4)
  The ghost of namelastname112 the Zephyrmancer, a novice TeAE (D:6)
  Menkaure (D:6)
  An ice beast (D:6)
  A slave (D:4)
  A necrophage (D:6)
  2 centaurs
  3 bullfrogs (D:6)
  A scorpion (D:6)
  A howler monkey (D:4)
  2 bullfrog zombies (D:5)
  A crimson imp (D:5)
  A gnoll shaman (D:4)
  A jelly (D:6)
  2 hounds
  Natasha (thrice) (D:3)
  A worker ant (D:5)
  A mummy (D:6)
  12 adders
  A gnoll (D:3)
  A shadow imp (D:6)
  A worm (D:4)
  3 dart slugs (D:1)
  3 leopard geckos
  5 orcs
  A ball python (D:5)
  5 bats
  3 giant cockroaches
  2 goblins
  6 hobgoblins
  7 jackals
  4 quokkas
  7 frilled lizards
  5 kobolds
  A quokka zombie (D:5)
  4 rats
96 creatures vanquished.

Vanquished Creatures (collateral kills)
  The ghost of Soeti the Ducker, an amateur OpTm (D:5)
  A slave (D:4)
  An ogre (D:6)
  A worker ant (D:5)
  3 gnolls (D:4)
7 creatures vanquished.

Grand Total: 103 creatures vanquished

Notes
Turn   | Place    | Note
-------+----------+-------------------------------------------
     0 | D:1      | mhoghedin the Barachi Ice Elementalist began the quest for the Orb.
     0 | D:1      | Reached XP level 1. HP: 13/13 MP: 3/3
    26 | D:1      | HP: 3/13 [jackal (2)]
   299 | D:1      | Reached skill level 4 in Ice Magic
   307 | D:1      | Reached XP level 2. HP: 15/19 MP: 0/5
   369 | D:1      | Learned a level 2 spell: Throw Frost
   780 | D:1      | Reached XP level 3. HP: 24/24 MP: 3/6
  1187 | D:2      | Noticed an ice beast
  1201 | D:2      | Learned a level 3 spell: Ozocubu's Armour
  1269 | D:3      | Found a sacrificial altar of Ru.
  1424 | D:3      | Reached skill level 3 in Spellcasting
  1443 | D:3      | HP: 6/24 [poisoned by an adder]
  1451 | D:3      | HP: 5/24 [poisoned by an adder]
  1750 | D:3      | Reached skill level 5 in Ice Magic
  1774 | D:3      | Reached XP level 4. HP: 20/30 MP: 5/8
  1912 | D:3      | Noticed Natasha
  1987 | D:2      | Found a shattered altar of Ashenzari.
  2471 | D:3      | Killed Natasha
  2482 | D:3      | Learned a level 4 spell: Summon Ice Beast
  2762 | D:3      | Noticed Natasha
  2768 | D:3      | Killed Natasha
  2768 | D:3      | Reached XP level 5. HP: 23/35 MP: 4/10
  3071 | D:3      | Reached skill level 4 in Spellcasting
  3089 | D:3      | Noticed Natasha
  3094 | D:3      | Killed Natasha
  3094 | D:3      | Reached skill level 6 in Ice Magic
  3345 | D:4      | Reached XP level 6. HP: 41/41 MP: 7/12
  3788 | D:4      | Learned a level 4 spell: Throw Icicle
  3984 | D:4      | Noticed a slave
  3984 | D:4      | Noticed a slave
  4010 | D:4      | Killed a slave
  4036 | D:4      | Noticed Pikel
  4045 | D:4      | Killed Pikel
  4045 | D:4      | Reached skill level 3 in Conjurations
  4045 | D:4      | Reached skill level 3 in Summonings
  4045 | D:4      | Reached skill level 7 in Ice Magic
  4045 | D:4      | Reached XP level 7. HP: 41/46 MP: 2/13
  4178 | D:5      | Entered Level 5 of the Dungeon
  4188 | D:5      | Noticed Soeti's ghost (amateur OpTm)
  4193 | D:5      | Killed Soeti's ghost
  4448 | D:5      | Reached skill level 4 in Summonings
  4448 | D:5      | Reached XP level 8. HP: 20/52 MP: 3/14
  4640 | D:5      | Found a burning altar of Makhleb.
  4755 | D:5      | Reached skill level 4 in Conjurations
  4755 | D:5      | Reached skill level 8 in Ice Magic
  5539 | D:6      | Reached skill level 5 in Conjurations
  5610 | D:6      | Found a snail-covered altar of Cheibriados.
  5618 | D:6      | Noticed Menkaure
  5620 | D:6      | Killed Menkaure
  5693 | D:6      | Reached skill level 9 in Ice Magic
  5708 | D:6      | Became a worshipper of Cheibriados the Contemplative
  5710 | D:6      | Found a staircase to the Ecumenical Temple.
  5885 | D:6      | Reached skill level 6 in Conjurations
  6049 | D:6      | Reached skill level 1 in Fighting
  6142 | D:6      | Reached skill level 2 in Fighting
  6142 | D:6      | Reached skill level 3 in Dodging
  6142 | D:6      | Reached XP level 9. HP: 42/61 MP: 10/15
  6351 | D:6      | Noticed Sigmund
  6369 | D:6      | HP: 17/93 [ice beast (10)]
  6370 | D:6      | HP: 5/93 [ice beast (11)]
  6375 | D:6      | Reached skill level 3 in Fighting
  6516 | D:6      | Found a deep blue altar of Sif Muna.
  6518 | D:6      | Noticed namelastname112's ghost (novice TeAE)
  6530 | D:6      | Killed namelastname112's ghost
  6530 | D:6      | Reached skill level 4 in Fighting
  6530 | D:6      | Reached skill level 4 in Dodging
  6532 | D:6      | HP: 12/65 [Sigmund/scythe (11)]
  6537 | D:6      | HP: 7/65 [killer bee zombie (4)]
  6540 | D:6      | Slain by Sigmund

Vault maps used:
D:1:      roderic_crop_circles_arrival_large, minmay_shallow_snake_nest
D:2:      evilmike_ruin_ashenzari, solitary_fountain
D:3:      nicolae_ru_awakened_eye, first_bread, uniq_natasha
D:4:      columned_hall_lemuel, uniq_pikel
D:5:      makhleb_blood_cavern_becter, minmay_misc_feat_rows
D:6:      kennysheep_mini, slow_altar_1, lemuel_coloured_pillars_altar,
          minmay_temple_entry_statues, serial_shops, nicolae_shop_crystal,
          kennysheep_generic_room_7, uniq_menkaure, uniq_sigmund

Skill      XL: |  1  2  3  4  5  6  7  8  9 |
---------------+----------------------------+-----
Ice Magic      | 4 5 6 7 9 |  9.4
Spellcasting   | 3 4 |  4.5
Conjurations   | 3 6 |  6.2
Summonings     | 3 4 |  4.0
Fighting       | 2 4 |  4.2
Dodging        | 3 4 |  4.6
Stealth        | |  1.7

Action                   |  1- 3 |  4- 6 |  7- 9 || total
-------------------------+-------+-------+-------++-------
Melee: Unarmed           |    17 |       |       ||    17
       Dagger            |    35 |    72 |    48 ||   155
       Whip              |       |       |    35 ||    35
 Cast: Freeze            |    37 |    51 |    44 ||   132
       Throw Frost       |       |    10 |    19 ||    29
       Ozocubu's Armour  |       |     4 |     3 ||     7
       Summon Ice Beast  |       |     3 |     5 ||     8
       Throw Icicle      |       |       |    11 ||    11
 Abil: Hop               |     2 |       |     2 ||     4
Evoke: Wand              |       |     2 |     4 ||     6
  Use: Potion            |       |     3 |     9 ||    12
       Scroll            |       |     3 |     8 ||    11
 Stab: Sleeping          |     2 |     2 |       ||     4
  Eat: Bread ration      |     1 |       |       ||     1
       Chunk             |       |     7 |    11 ||    18
       Fruit             |       |       |     1 ||     1
Armor: Robe              |    20 |    17 |    36 ||    73
       Skin              |       |       |     6 ||     6
Dodge: Dodged            |    55 |    73 |    86 ||   214
       Deflected         |       |     2 |     3 ||     5

Table legend:
 A = Spawn XP
 B = Non-spawn XP
 C = Spawn XP percentage of total XP
 D = Spawn monster count
 E = Non-spawn monster count
 F = Spawn count percentage of total count
 G = Total turns spent on level
                    A         B        C        D         E        F      G
               +---------+---------+-------+---------+---------+-------+---------
         Total |       0 |    3047 |   0.0 |       0 |     101 |   0.0 |  6540
               +---------+---------+-------+---------+---------+-------+---------
           D:1 |       0 |      36 |   0.0 |       0 |      17 |   0.0 |   942
           D:2 |       0 |      25 |   0.0 |       0 |       9 |   0.0 |   519
           D:3 |       0 |     179 |   0.0 |       0 |      19 |   0.0 |  1538
           D:4 |       0 |     789 |   0.0 |       0 |      24 |   0.0 |  1214
           D:5 |       0 |     469 |   0.0 |       0 |      14 |   0.0 |  1299
           D:6 |       0 |    1549 |   0.0 |       0 |      18 |   0.0 |  1028
               +---------+---------+-------+---------+---------+-------+---------

Vault maps used:
D:1:      roderic_crop_circles_arrival_large, minmay_shallow_snake_nest
D:2:      evilmike_ruin_ashenzari, solitary_fountain
D:3:      nicolae_ru_awakened_eye, first_bread, uniq_natasha
D:4:      columned_hall_lemuel, uniq_pikel
D:5:      makhleb_blood_cavern_becter, minmay_misc_feat_rows
D:6:      kennysheep_mini, slow_altar_1, lemuel_coloured_pillars_altar,
          minmay_temple_entry_statues, serial_shops, nicolae_shop_crystal,
          kennysheep_generic_room_7, uniq_menkaure, uniq_sigmund

Table legend:
 A = Turns spent in this place as a percentage of turns spent in the entire game.
 B = Non-inter-level travel turns spent in this place as a percentage of non-inter-level travel turns spent in the entire game.
 C = Inter-level travel turns spent in this place as a percentage of turns spent in this place.
 D = Turns resting spent in this place as a percentage of non-inter-level travel turns spent in this place.
 E = Turns spent auto-exploring this place as a percentage of non-inter-level travel turns spent in this place.
 F = Non-inter-level travel turns spent in this place divided by the number of levels of this place that you've seen.
                   A       B       C       D       E      F
               +-------+-------+-------+-------+-------+----------------------
         Total | 100.0 | 100.0 |   3.2 |  46.9 |  35.0 | 1054.7
       Dungeon | 100.0 | 100.0 |   3.2 |  46.9 |  35.0 | 1054.7
               +-------+-------+-------+-------+-------+----------------------

Table legend:
 A = Kills in this place as a percentage of kills in entire the game.
 B = Kills by you in this place as a percentage of kills by you in the entire game.
 C = Kills by friends in this place as a percentage of kills by friends in the entire game.
 D = Other kills in this place as a percentage of other kills in the entire game.
 E = Experience gained in this place as a percentage of experience gained in the entire game.
 F = Experience gained in this place divided by the number of levels of this place that you have seen.
                   A       B       C       D       E      F
               +-------+-------+-------+-------+-------+----------------------
         Total | 100.0 | 100.0 | 100.0 |   N/A | 100.0 | 507.8
       Dungeon | 100.0 | 100.0 | 100.0 |   N/A | 100.0 | 507.8
               +-------+-------+-------+-------+-------+----------------------
